 Dungeon Crawl Stone Soup version 0.28.0-47-ge53b351184 (webtiles) character file.

Game seed: 5573542930821141616

56 Eitelfritz the Slasher (level 3, -3/27 HPs)
             Began as a Demonspawn Gladiator on Apr 28, 2022.
             Was an Initiate of Makhleb.
             Slain by a gnoll
             ... wielding a +0 whip
              (4 damage)
             ... on level 2 of the Dungeon.
             The game lasted 00:02:40 (1719 turns).

Eitelfritz the Slasher (Demonspawn Gladiator)       Turns: 1719, Time: 00:02:40

Health: -3/27      AC:  7    Str: 16    XL:     3   Next: 71%
Magic:  3/3        EV: 12    Int:  9    God:    Makhleb [......]
Gold:   74         SH:  0    Dex: 16    Spells: 2/2 levels left

rFire   . . .      SeeInvis .   a - +0 long sword
rCold   . . .      Faith    .   (no shield)
rNeg    . . .      Spirit   .   g - +0 ring mail
rPois   .          Reflect  .   c - +0 helmet
rElec   .          Harm     .   f - +0 cloak
rCorr   .          Rampage  .   (no gloves)
Will    .....                   (no boots)
Stlth   ++........              (no amulet)
HPRegen 0.09/turn               (no ring)
MPRegen 0.08/turn               (no ring)

@: brilliant
A: hooves 1, thin skeletal structure 1
a: Renounce Religion


You were on level 2 of the Dungeon.
You worshipped Makhleb.
Makhleb was noncommittal.
You visited 1 branch of the dungeon, and saw 3 of its levels.

You collected 74 gold pieces.

Inventory:

Hand Weapons
 a - a +0 long sword (weapon)
Missiles
 d - 4 throwing nets (quivered)
Armour
 c - a +0 helmet (worn)
 e - a +0 chain mail
 f - a +0 cloak (worn)
 g - a +0 ring mail (worn)
Scrolls
 h - a scroll of silence {unknown}
 i - a scroll of enchant weapon {unknown}
 j - a scroll of fog {unknown}
 k - a scroll of identify {unknown}
 l - a scroll of acquirement {unknown}
Potions
 b - a potion of brilliance


   Skills:
 + Level 2.2 Fighting
 + Level 3.3 Long Blades
 + Level 1.8 Throwing
 + Level 1.0 Armour
 + Level 3.2 Dodging
 * Level 0.2 Invocations


You had 2 spell levels left.
You didn't know any spells.
Your spell library was empty.

Dungeon Overview and Level Annotations

Branches:
Dungeon (3/15)

Altars:
Makhleb

Annotations:
D:2 1 runed translucent door, Crazy Yiuf


Innate Abilities, Weirdness & Mutations

You have large cloven feet.
You have a somewhat thin skeletal structure. (Dex +2, Stealth+)


Message History

You feel sick.
Found an orange potion.
You feel sick.
You feel sick.
You feel sick.
You feel sick.
You feel sick.
You feel sick.
You are no longer poisoned.
Found a stone staircase leading up.
Found a scroll labelled QIKLUFREAH.
A rat and a frilled lizard come into view.
The frilled lizard hisses angrily.
There is a stone staircase leading up here.
You climb upwards.
Level annotation: 1 runed translucent door, Crazy Yiuf
There is a stone staircase leading down here.
You closely miss the gnoll. You kick the gnoll.
The gnoll is lightly wounded.
The gnoll barely misses you. The gnoll hits you but does no damage.
You slash the gnoll! Your kick misses the gnoll.
The gnoll is severely wounded.
The gnoll hits you with a +0 whip.
* * * LOW HITPOINT WARNING * * *
You barely miss the gnoll.
The gnoll is severely wounded.
The gnoll hits you with a +0 whip.
* * * LOW HITPOINT WARNING * * *
It was a potion of brilliance.
You feel clever all of a sudden. The gnoll hits you but does no damage.
You closely miss the gnoll.
The gnoll is severely wounded.
The gnoll completely misses you.
You closely miss the gnoll. Your kick misses the gnoll.
The gnoll is severely wounded.
The gnoll barely misses you.
You closely miss the gnoll.
The gnoll is severely wounded.
The gnoll closely misses you. The gnoll hits you with a +0 whip.
You die...

########### ######### #.........#
........######.........#
.......................##### ####
#.#.#.#.######.............# #...
........## #.........###.# #.##
.#.#.#.#.# #.........# #.# #.#
.........## #.g.......# #.# #.#
#.#.#.#)#.# #..@......###.###.##
..........####...................
.#.#.#.#.#..###.###.##.###.###.##
...............## ##...# #.# #.##
#.#.#.#.#.#.###.###.##.# #.# #.##
.................#.###.# #.# #...
.#.#.#.#.#.#.####.####.###.######
......)..)...# ####........#####
#.#.#.#.#.#..# ####......#......


You could see a gnoll.

Vanquished Creatures
  A gnoll (D:1)
  2 adders (D:2)
  2 dart slugs (D:2)
  3 ball pythons (D:2)
  An endoplasm (D:2)
  3 goblins (D:2)
  2 hobgoblins (D:2)
  2 jackals (D:2)
  2 bats (D:2)
  4 kobolds
  3 rats
25 creatures vanquished.

Notes
Turn   | Place    | Note
-------+----------+-------------------------------------------
     0 | D:1      | Eitelfritz the Demonspawn Gladiator began the quest for the
                  | Orb.
     0 | D:1      | Reached XP level 1. HP: 16/16 MP: 1/1
   119 | D:1      | Gained mutation: You have large cloven feet. [demonic
                  | ancestry]
   119 | D:1      | Reached XP level 2. HP: 11/22 MP: 2/2
   824 | D:2      | Gained mutation: You have a somewhat thin skeletal
                  | structure. (Dex +2, Stealth+) [demonic ancestry]
   824 | D:2      | Reached XP level 3. HP: 25/27 MP: 3/3
  1058 | D:2      | Reached skill level 1 in Armour
  1074 | D:2      | Found a burning altar of Makhleb.
  1079 | D:2      | Became a worshipper of Makhleb the Destroyer
  1365 | D:2      | Found a runed translucent door.
  1366 | D:2      | Noticed Crazy Yiuf
  1715 | D:2      | HP: 1/27 [gnoll/+0 whip (5)]
  1719 | D:2      | Slain by a gnoll

Illustrated notes

Levels and vault maps discovered:
D:1:      dpeg_arrival_radiant, layout_rooms, nrook_mini_vaults
D:2:      layout_loops_ring, basic_altar, hex_large, uniq_crazy_yiuf_cottage
D:3:      layout_basic, minmay_door_square, minmay_pentangle, uniq_robin,
          uniq_terence

Skill      XL: |  1  2  3 |
---------------+----------+-----
Long Blades    | 3 |  3.3
Dodging        | 3 |  3.2
Armour         | 1 |  1.0
Fighting       | |  2.2
Throwing       | |  1.8
Invocations    | |  0.2

Action                   || total
-------------------------++-------
Melee: Long sword        ||    59
       Kick              ||     6
  Use: Potion            ||     1
 Stab: Sleeping          ||     1
Armor: Leather armour    ||     4
       Ring mail         ||    24
Dodge: Dodged            ||    44
